AoeStats
← ska_18

Oasis

508402541Analyzed
3v3 RM · 10d ago on Sep 22, 2026· 49m 27s· 6 players
Game mode
Random Map
Map size
Normal (6 player)
Population
200
Speed
Normal
Resources
Standard
Victory
Conquest
Starting age
Dark Age
Ending age
Imperial Age
RankedLock teamsTeams togetherTeam positionsShared explorationLock speedFull tech treeHidden civsTurbo modeCheats
Victory
Defeat
🇪🇸 Britons · Spain
910
+16
🇨🇳 Georgians · China
900
+17
🇦🇹 Saracens · Austria
881
+18
🇹🇷 Cumans · Türkiye
958
-18
🇩🇪 Spanish · Germany
934
-18
🇩🇪 Bohemians · Germany
867
-15
ROMMEL X
11:07 Feudal Age
18:38 Castle Age
18:07 Double-Bit Axe
18:10 Horse Collar
19:26 Crossbowman
20:57 Wheelbarrow
25:12 Hand Cart
28:15 Fletching
31:08 Bodkin Arrow
33:05 Heavy Plow
33:22 Bow Saw
34:57 Padded Archer Armor
35:58 Yeomen
36:36 Ballistics
39:41 Imperial Age
38:39 Leather Archer Armor
41:04 Forging
41:07 Pikeman
41:48 Squires
42:26 Iron Casting
41:52 Scale Mail Armor
42:58 Conscription
43:18 Caravan
44:59 Bracer
45:30 Ring Archer Armor
45:04 Halberdier
46:47 Blast Furnace
ska_18
2:20 Loom
10:39 Feudal Age
12:21 Town Watch
16:58 Castle Age
15:24 Double-Bit Axe
16:46 Horse Collar
18:49 Wheelbarrow
18:26 Bow Saw
21:59 Hand Cart
24:08 Gold Mining
24:08 Stone Mining
24:53 Heavy Plow
25:06 Forging
26:08 Scale Barding Armor
28:19 Gold Shaft Mining
28:21 Iron Casting
28:07 Chain Barding Armor
28:05 Fletching
29:54 Caravan
30:27 Coinage
32:20 Bodkin Arrow
34:56 Imperial Age
33:11 Fervor
33:43 Sanctity
34:11 Bimaristan
33:59 Treadmill Crane
34:15 Murder Holes
34:30 Masonry
35:17 Town Patrol
36:40 Chemistry
35:52 Fortified Wall
36:31 Conscription
36:48 Hoardings
38:05 Blast Furnace
37:41 Plate Barding Armor
38:10 Two-Man Saw
37:04 Elite Mameluke
38:59 Bracer
39:55 Banking
41:02 Bloodlines
40:52 Husbandry
40:13 Light Cavalry
41:47 Plate Barding Armor
强强不怕困难
0:46 Loom
11:31 Feudal Age
15:47 Castle Age
14:40 Double-Bit Axe
16:17 Stone Mining
25:49 Scale Barding Armor
27:32 Horse Collar
28:29 Forging
31:14 Gold Mining
31:40 Bow Saw
32:12 Wheelbarrow
31:23 Town Watch
33:25 Stone Shaft Mining
37:11 Imperial Age
36:07 Chain Barding Armor
35:54 Heavy Plow
37:08 Iron Casting
37:25 Elite Monaspa
38:43 Plate Barding Armor
38:48 Hand Cart
42:03 Blast Furnace
41:46 Caravan
43:32 Aznauri Cavalry
44:42 Crop Rotation
44:29 Husbandry
44:41 Bloodlines
46:47 Town Patrol
DD I ADLERHORSCHD
7:43 Loom
9:46 Feudal Age
11:31 Double-Bit Axe
11:30 Horse Collar
13:57 Wheelbarrow
19:43 Padded Archer Armor
20:53 Fletching
25:28 Castle Age
25:32 Crossbowman
26:30 Leather Archer Armor
26:10 Bodkin Arrow
26:33 Leather Archer Armor
26:56 Bow Saw
26:48 Heavy Plow
27:06 Hand Cart
34:59 Imperial Age
32:58 Ballistics
33:39 Chemistry
33:10 Town Watch
32:48 Pikeman
33:28 Squires
33:14 Arson
35:17 Wagenburg Tactics
36:06 Town Patrol
37:51 Ring Archer Armor
41:07 Two-Man Saw
39:45 Arbalester
40:37 Halberdier
42:50 Houfnice
44:15 Scale Mail Armor
44:16 Bracer
Dextra
10:18 Feudal Age
10:49 Double-Bit Axe
17:48 Castle Age
16:15 Horse Collar
17:54 Stone Mining
19:29 Bow Saw
23:43 Heavy Plow
26:59 Gold Mining
28:21 Caravan
35:01 Ballistics
37:14 Imperial Age
35:21 Wheelbarrow
34:35 Loom
34:36 Town Watch
35:38 Forging
35:28 Scale Mail Armor
35:25 Fletching
35:35 Padded Archer Armor
35:22 Pikeman
36:04 Squires
36:14 Thumb Ring
37:51 Iron Casting
38:36 Conscription
41:06 Chemistry
40:18 Masonry
41:12 Blast Furnace
40:30 Chain Mail Armor
40:13 Bodkin Arrow
39:41 Halberdier
42:18 Stone Shaft Mining
43:32 Two-Man Saw
42:35 Arson
42:15 Man-at-Arms
42:43 Gambesons
43:33 Plate Mail Armor
43:06 Bracer
43:26 Leather Archer Armor
46:36 Husbandry
46:49 Bloodlines
46:02 Light Cavalry
46:08 Cavalier
47:38 Ring Archer Armor
47:19 Scale Barding Armor
49:20 Chain Barding Armor
monsterr1453
1:28 Loom
10:10 Feudal Age
10:40 Double-Bit Axe
16:59 Horse Collar
24:27 Castle Age
22:24 Town Watch
22:50 Fletching
24:02 Wheelbarrow
24:01 Gold Mining
27:12 Gold Shaft Mining
27:22 Steppe Husbandry
27:41 Bloodlines
31:27 Bow Saw
31:30 Heavy Plow
36:45 Imperial Age
35:29 Ballistics
35:45 Padded Archer Armor
35:41 Bodkin Arrow
36:25 Scale Barding Armor
36:31 Forging
36:52 Leather Archer Armor
38:49 Chemistry
38:34 Conscription
38:37 Hand Cart
39:28 Chain Barding Armor
40:59 Two-Man Saw
41:10 Parthian Tactics
43:00 Ring Archer Armor
43:06 Plate Barding Armor
43:24 Crop Rotation
44:09 Iron Casting
44:30 Thumb Ring
Connection lost

Rejoining the realm…

Still unreachable

The connection could not be restored.

Session expired

The server has moved on; the page needs a fresh start.